Minoru, lawful male human Samurai ------------- |............ |...........| |.....<.....| + |...........| @@##### #-...........| # ###|...........| # # ------------- # ### # # # # ---|-# |...|# |...|# |..%.# |...| ----- Minoru the Ninja Experience level: 6 Strength: 13 Dexterity: 18 Constitution: 18 Intelligence: 8 Wisdom: 9 Charisma: 9 Health: 0(55) Energy: 26(26) AC: 4 Gold: 1110 Moves: 1713 Your Inventory: Coins $ - 1110 gold pieces Weapons a - an uncursed +0 katana (weapon in hand) b - an uncursed +3 wakizashi (alternate weapon; not wielded) c - an uncursed +0 yumi d - 41 uncursed +0 ya (in quiver) m - 9 [cursed -1] arrows Armor e - an uncursed rustproof +0 splint mail (being worn) Comestibles w - an [uncursed] gunyoki Scrolls k - an [uncursed] scroll labeled LOREN IPSUM [of scare monster] l - an [uncursed] scroll labeled THARR [of create monster] q - a [cursed] scroll labeled ASHPD [of identify] r - an [uncursed] scroll labeled VAS CORP BET MANI [of enchant armor] x - an [uncursed] scroll labeled ASHPD [of identify] Potions f - an [uncursed] amber potion [of see invisible] g - an [uncursed] effervescent potion [of extra healing] u - a [cursed] clear potion [of unholy water] Rings p - an [uncursed] emerald ring [of levitation] s - a [cursed] platinum ring [of see invisible] Wands i - an [uncursed] pine wand [of undead turning (0:4)] t - a [cursed] steel wand [of slow monster (0:4)] Tools h - an [uncursed] towel o - an [uncursed tallow] candle Spells known in the end: Name Level Category Fail Memory Your skills at the end: Fighting Skills martial arts [Basic / Master] Weapon Skills short sword [Basic / Expert] long sword [Basic / Expert] bow [Basic / Expert] Spellcasting Skills Final Attributes: You were devoutly aligned. Hunger level was 482. Your alignment was 18 / 18. Monster difficulty range was 1 - 6. Level difficulty was 7. You were fast. Your luck was zero. You are dead. Vanquished creatures: a dwarf mummy a rock mole a giant ant a homunculus a kobold shaman a rothe a dwarf zombie a werejackal an iguana 3 killer bees 4 cave spiders a jackal 2 foxes a kobold a goblin 2 sewer rats 6 grid bugs a bat 3 newts 33 creatures vanquished. Voluntary challenges: You were illiterate. You used a wielded weapon 46 times. You put on armor 1 time. You never genocided any monsters. You never polymorphed an object. You never changed form. You used no wishes. You never wrote Elbereth's name. You encountered 1 bones level. You never used any Sokoban shortcuts. Dungeon overview: The Dungeons of Doom: levels 1 to 7 Level 1 a fountain a long staircase Level 2 an armor shop, a fountain stairs to The Gnomish Mines Level 3 a fountain Level 5 a fountain, a sink Level 7 <- You were here The Gnomish Mines: Level 3 stairs to The Dungeons of Doom History has recorded: On T:1 you entered the Dungeons of Doom to retrieve the Amulet of Yendor! On T:30 you reached level 2 of The Dungeons of Doom. On T:203 you advanced to experience level 2. On T:320 you reached level 1 of The Gnomish Mines. On T:436 you reached level 3 of The Dungeons of Doom. On T:604 you reached level 4 of The Dungeons of Doom. On T:673 you advanced to experience level 3. On T:763 you advanced to experience level 4. On T:830 you reached level 5 of The Dungeons of Doom. On T:1084 you advanced to experience level 5. On T:1623 you advanced to experience level 6. On T:1628 you reached level 6 of The Dungeons of Doom. On T:1648 you reached level 7 of The Dungeons of Doom. Latest messages: [8 turns] [HP+1=35] [HP+1=36] [8 turns] You find a secret door. [2 turns] The door opens. [HP+1=37] [HP+1=38] The Green-elf swings her elven broadsword. The Green-elf hits! [HP-9=29] Pick an object. A Green-elf on a lit corridor. You hit the Green-elf. The Green-elf swings her elven broadsword. The Green-elf hits! [HP-10=19] You hit the Green-elf! The Green-elf swings her elven broadsword. The Green-elf hits! [HP-11=8] You miss the Green-elf. The Green-elf swings her elven broadsword. The Green-elf hits! You die... (2x) Final status: Sayonara Minoru the Samurai... You died in The Dungeons of Doom on dungeon level 7 with 2583 points, and 1110 pieces of gold, after 1713 moves. You were level 6 with a maximum of 55 hit points when you died.